 Dungeon Crawl Stone Soup version 0.30.0-10-gfe55d96785 (webtiles) character file.

Game seed: 14058290448566716022

571200 scisormetimb3rs the Slayer (level 26, -34/190 HPs)
             Began as a Gargoyle Fighter on May 14, 2023.
             Was a High Priest of Okawaru.
             Annihilated by Tiamat
             ... wielding a +0 heavy bardiche
              (70 damage)
             ... on level 3 of the Realm of Zot on May 16, 2023.
             The game lasted 02:48:14 (74676 turns).

scisormetimb3rs the Slayer (Gargoyle Fighter)      Turns: 74676, Time: 02:48:15

Health: -34/190    AC: 64    Str: 30    XL:     26   Next: 97%
Magic:  44/44      EV: 14    Int: 17    God:    Okawaru [*****.]
Gold:   4893       SH: 20    Dex: 20    Spells: 25/25 levels left

rFire   + + +        t - +9 eveningstar (spect)
rCold   + + +        P - +2 shield of Resistance {rF++ rC++ Will++}
rNeg    + . .        Y - +10 crystal plate armour {rC+}
rPois   ∞            x - +1 hat {Will+}
rElec   +            Q - scarf of Gluttony {repulsion, Slay+2}
rCorr   +            N - +0 pair of gloves of Gimourih {rF+ rCorr Stlth+}
SInv    +            w - +2 pair of slick slippers {slick, slippery, EV+4}
Will    ++++.        R - amulet "Poda Rok" {RegenMP +Blink MP+9 Slay+6 SInv} Stlth
                     f - ring of Dishonesty {rC+ Int+6 Dex+5}
HPRegen 0.51/turn    Z - ring "Memewy" {Dex+6 Slay+3}
MPRegen 0.69/turn

%: repel missiles
@: about to teleport, heroic, flying, studying 2 skills
A: sickness immunity, AC +20, big wings, negative energy resistance 1,
electricity resistance, torment resistance 1, petrification resistance, no
potion heal 1
}: 3/15 runes: decaying, abyssal, gossamer
a: Renounce Religion, Evoke Blink, Heroism, Finesse, Duel


You were on level 3 of the Realm of Zot.
You worshipped Okawaru.
Okawaru was extremely pleased with you.
You visited 11 branches of the dungeon, and saw 46 of its levels.
You visited the Abyss 1 time.
You visited 1 ziggurat, and saw 11 of its levels.
You also visited: Ossuary and Ice Cave.

You collected 8277 gold pieces.
You spent 3384 gold pieces at shops.

Inventory:

Hand Weapons
 t - a +9 spectral eveningstar (weapon)
Missiles
 e - 13 boomerangs (quivered)
 O - 13 silver javelins
 W - 22 javelins
Armour
 w - the +2 pair of slick slippers (worn) {slick, slippery, EV+4}
   (Okawaru gifted it to you on level 4 of the Swamp)

   Slick:     Its wearer cannot be constricted, engulfed, netted or webbed.
   Slippery:  Its wearer slips away from damaging melee attacks, pulling the
   attacker onward.
   EV:        It affects your evasion (+4).
 x - a +1 hat of willpower (worn)
 K - the +0 pair of boots of Birdsong {rPois rN+ Will+}
   (You acquired it on level 3 of the Swamp)

   rPois:     It protects you from poison.
   rN:        It protects you from negative energy.
   Will:      It increases your willpower.
 N - the +0 pair of gloves of Gimourih (worn) {rF+ rCorr Stlth+}
   (You acquired it on level 2 of a ziggurat)

   rF:        It protects you from fire.
   rCorr:     It protects you from acid and corrosion.
   Stlth:     It makes you more stealthy.
 P - the +2 shield of Resistance (worn) {rF++ rC++ Will++}
   (You bought it in a shop on level 2 of the Orcish Mines)

   rF:        It greatly protects you from fire.
   rC:        It greatly protects you from cold.
   Will:      It greatly increases your willpower.
 Q - the scarf of Gluttony (worn) {repulsion, Slay+2}
   (You found it on level 1 of the Vaults)

   Slay:      It affects your accuracy & damage with ranged weapons and melee
   (+2).
 X - the +3 hat of Zeips {Rampage Str+3}
   (You acquired it on level 4 of the Depths)

   Str:       It affects your strength (+3).
   Rampage:   It bestows one free step when moving towards enemies.
 Y - a +10 crystal plate armour of cold resistance (worn)
Jewellery
 f - the ring of Dishonesty (left hand) {rC+ Int+6 Dex+5}
   (You found it on level 7 of a ziggurat)

   [ring of intelligence]

   Int:       It affects your intelligence (+6).
   Dex:       It affects your dexterity (+5).
   rC:        It protects you from cold.
 o - the amulet of the Establishment {Spirit rN++}
   (You acquired it on level 4 of the Depths)

   [amulet of guardian spirit]

   It causes incoming damage to be divided between your reserves of health and
   magic.
   rN:        It greatly protects you from negative energy.
 y - the amulet of Balance {Faith Regen+ Str-5 Dex+3}
   (You found it on level 11 of a ziggurat)

   [amulet of faith]

   It allows you to gain divine favour quickly.
   Str:       It affects your strength (-5).
   Dex:       It affects your dexterity (+3).
   Regen:     It increases your rate of health regeneration.
 A - the amulet of Losanys {RegenMP rElec rC+}
   (You found it on level 4 of the Vaults)

   [amulet of magic regeneration]

   It increases your rate of magic regeneration.
   rC:        It protects you from cold.
   rElec:     It insulates you from electricity.
 D - the ring "Zogamac" {EV+5 Str+2 Dex+3}
   (You took it off a deep elf high priest on level 3 of the Elven Halls)

   [ring of evasion]

   EV:        It affects your evasion (+5).
   Str:       It affects your strength (+2).
   Dex:       It affects your dexterity (+3).
 G - the ring of Ivaismun {Will+ SInv}
   (You took it off a deep elf annihilator on level 3 of the Elven Halls)

   [ring of willpower]

   SInv:      It lets you see invisible.
   Will:      It increases your willpower.
 R - the amulet "Poda Rok" (around neck) {RegenMP +Blink MP+9 Slay+6 SInv}
   (You found it on level 11 of the Dungeon)

   [amulet of magic regeneration]

   It increases your rate of magic regeneration.
   Slay:      It affects your accuracy & damage with ranged weapons and melee
   (+6).
   MP:        It affects your magic capacity (+9).
   SInv:      It lets you see invisible.
   +Blink:    It lets you blink.
 Z - the ring "Memewy" (right hand) {Dex+6 Slay+3}
   (You took it off an orc on level 1 of the Depths)

   [ring of dexterity]

   Dex:       It affects your dexterity (+6).
   Slay:      It affects your accuracy & damage with ranged weapons and melee
   (+3).
Wands
 a - a wand of mindburst (4)
 b - a wand of digging (36)
 u - a wand of polymorph (7)
 E - a wand of flame (158)
 I - a wand of paralysis (62)
 J - a wand of iceblast (45)
 T - a wand of quicksilver (2)
Scrolls
 c - 24 scrolls of identify
 g - 5 scrolls of fear
 m - 24 scrolls of teleportation
 n - a scroll of brand weapon
 q - 8 scrolls of magic mapping
 C - 6 scrolls of fog
 H - 2 scrolls of poison
 M - a scroll of silence
 S - 2 scrolls of blinking
Potions
 d - a potion of magic
 h - 6 potions of mutation
 j - 17 potions of curing
 k - 8 potions of haste
 l - 6 potions of cancellation
 p - 6 potions of resistance
 s - 9 potions of lignification
 v - 13 potions of heal wounds
 z - 5 potions of might
 L - 5 potions of attraction
 U - 6 potions of invisibility
 V - a potion of berserk rage
Miscellaneous
 F - a lightning rod (4/4)


   Skills:
 * Level 26.0(27) Fighting
 * Level 24.4(27) Maces & Flails
 + Level 10.8(15.8) Throwing
 + Level 19.2(24.2) Armour
 + Level 19.1(24.1) Shields
 + Level 16.0 Invocations
 - Level 7.7 Evocations


You had 25 spell levels left.
You didn't know any spells.
Your spell library contained the following spells:

 Spells                   Type           Power      Damage    Failure   Level
 Apportation              Tloc           0%         N/A       86%         1
 Beastly Appendage        Tmut           0%         N/A       86%         1
 Kiss of Death            Conj/Necr      0%         2d5       86%         1
 Magic Dart               Conj           0%         1d3       86%         1
 Necrotise                Necr           0%         1d4       86%         1
 Sandblast                Erth           0%         2d4       86%         1
 Slow                     Hex            0%         N/A       86%         1
 Sting                    Tmut/Pois      0%         1d3       86%         1
 Blink                    Tloc           0%         N/A       95%         2
 Lesser Beckoning         Tloc           0%         N/A       95%         2
 Momentum Strike          Conj/Tloc      0%         3d8       95%         2
 Passwall                 Tmut/Erth      0%         N/A       95%         2
 Poisonous Vapours        Pois/Air       0%         N/A       95%         2
 Static Discharge         Conj/Air       0%         2-2/arc   95%         2
 Wereblood                Tmut           0%         N/A       95%         2
 Confusing Touch          Hex            0%         N/A       99%         3
 Dazzling Flash           Conj/Hex       0%         N/A       99%         3
 Frozen Ramparts          Ice            0%         1d1       99%         3
 Gell's Gravitas          Tloc           0%         N/A       99%         3
 Hailstorm                Conj/Ice       0%         3d3       99%         3
 Inner Flame              Hex/Fire       0%         N/A       99%         3
 Mephitic Cloud           Conj/Pois/Air  0%         N/A       99%         3
 Ozocubu's Armour         Ice            0%         N/A       99%         3
 Portal Projectile        Hex/Tloc       0%         N/A       99%         3
 Spider Form              Tmut/Pois      0%         N/A       99%         3
 Stone Arrow              Conj/Erth      0%         3d7       99%         3
 Teleport Other           Tloc           0%         N/A       99%         3
 Vampiric Draining        Necr           0%         2d6       99%         3
 Volatile Blastmotes      Fire/Tloc      0%         2d10      99%         3
 Airstrike                Air            0%         2d(0-16)  100%        4
 Dispel Undead            Necr           0%         3d6       100%        4
 Flame Wave               Conj/Fire      0%         2d4       100%        4
 Ice Form                 Ice/Tmut       0%         N/A       100%        4
 Iskenderun's Mystic Bla  Conj/Tloc      0%         2d3       100%        4
 Leda's Liquefaction      Hex/Erth       0%         N/A       100%        4
 Manifold Assault         Tloc           0%         N/A       100%        4
 Olgreb's Toxic Radiance  Pois           0%         N/A       100%        4
 Petrify                  Tmut/Erth      0%         N/A       100%        4
 Alistair's Intoxication  Tmut/Pois      0%         N/A       100%        5
 Blade Hands              Tmut           0%         N/A       100%        5
 Freezing Cloud           Conj/Ice/Air   0%         6-21      100%        5
 Irradiate                Conj/Tmut      0%         3d11      100%        5
 Lee's Rapid Deconstruct  Erth           0%         3d4*      100%        5
 Metabolic Englaciation   Hex/Ice        0%         N/A       100%        5
 Yara's Violent Unravell  Hex/Tmut       0%         3d3       100%        5
 Plasma Beam              Fire/Air       0%         2x1d11    100%        6
 Starburst                Conj/Fire      0%         6d3       100%        6
 Dragon Form              Tmut           0%         N/A       100%        7
 Enfeeble                 Hex            0%         N/A       100%        7
 Orb of Destruction       Conj           0%         9d5       100%        7
 Ozocubu's Refrigeration  Ice            0%         4d7       100%        7
 Storm Form               Tmut/Air       0%         N/A       100%        7
 Ignition                 Fire           0%         3d3       100%        8
 Necromutation            Tmut/Necr      0%         N/A       100%        8
 Summon Small Mammal      Summ           Unusable   N/A       N/A         1
 Call Imp                 Summ           Unusable   N/A       N/A         2
 Sublimation of Blood     Necr           Unusable   N/A       N/A         2
 Call Canine Familiar     Summ           Unusable   N/A       N/A         3
 Summon Guardian Golem    Hex/Summ       Unusable   N/A       N/A         3
 Summon Ice Beast         Ice/Summ       Unusable   N/A       N/A         4
 Summon Lightning Spire   Summ/Air       Unusable   N/A       N/A         4
 Simulacrum               Ice/Necr       Unusable   N/A       N/A         6
 Statue Form              Tmut/Erth      Unusable   N/A       N/A         6
 Spellforged Servitor     Conj/Summ      Unusable   N/A       N/A         7

Dungeon Overview and Level Annotations

Branches:
Dungeon (15/15)            Temple (1/1) D:5            Lair (5/5) D:8
  Swamp (4/4) Lair:3       Spider (4/4) Lair:2        Slime (1/5) Lair:5
    Orc (2/2) D:11            Elf (3/3) Orc:2        Vaults (4/5) D:13
  Crypt (0/3) Vaults:2     Depths (4/4) D:15            Zot (3/5) Depths:4
Ossuary (visited)           IceCv (visited)

Altars:
Ashenzari
Cheibriados
Dithmenos
Elyvilon
Fedhas
Gozag
Hepliaklqana
Kikubaaqudgha
Makhleb
Nemelex Xobeh
Okawaru
Qazlal
Ru
Sif Muna
Trog
Uskayaw
Vehumet
Wu Jian
Xom
Yredelemnul
Zin
The Shining One
Jiyva

Shops:
D:7 [   Orc:2 [([::=   Elf:1 *   Elf:2 =   Vaults:2 *   Vaults:3 !   Depths:1 *
Depths:3 !   Depths:4 (

Portals:
Hell: Lair:5 Depths:1 Depths:2 Depths:3 Depths:4
Abyss: Depths:2 Depths:3
Pandemonium: Depths:1 Depths:2

Annotations:
D:4 2 runed translucent doors
D:14 Roxanne
Lair:1 2 transporters, Kuidesed's ghost, journeyman DrCj
Elf:1 1 runed translucent door
Vaults:3 2 transporters, exclusion: orange crystal statue
Depths:3 exclusion: 2 orange crystal statues
Depths:4 2 transporters, Ubraesch's ghost, adept TrMo
Zot:3 Tiamat


Innate Abilities, Weirdness & Mutations

You are immune to sickness and miasma.
Your stone body is resilient. (AC +20)
You are immune to poison.
Your large and strong wings let you fly.
You resist negative energy. (rN+)
You are resistant to electric shocks. (rElec)
You are resistant to unholy torment.
You are immune to petrification.
Potions are less effective at restoring your health.


Message History

The moth of wrath is severely wounded.
Your +9 spectral eveningstar barely misses the moth of wrath.
The moth of wrath misses you.
You bludgeon the moth of wrath!!
You kill the moth of wrath!
Okawaru accepts your kill.
Your +9 spectral eveningstar disappears.
Tiamat closely misses you.
Tiamat hits you with a +0 heavy bardiche!!
* * * LOW HITPOINT WARNING * * *
You slip backwards!
You hit Tiamat.
Tiamat is heavily wounded.
Your +9 spectral eveningstar hits Tiamat!!!
You block Tiamat's attack. x2
You hit Tiamat.
Tiamat is heavily wounded.
Your +9 spectral eveningstar hits Tiamat!
You hit Tiamat but do no damage.
Tiamat is heavily wounded.
Your +9 spectral eveningstar hits Tiamat.
Tiamat hits your +9 spectral eveningstar with a +0 heavy bardiche!!!!
Your spectral weapon shares its damage with you!
Your +9 spectral eveningstar disappears.
* * * LOW HITPOINT WARNING * * *
Okay, then.
Okay, then.
You blink.
Your surroundings suddenly seem different.
You feel stable enough to blink again.
A tentacled monstrosity comes into view.
As you read the scroll of teleportation, it crumbles to dust.
You feel strangely unstable.
You feel the Orb delaying your translocation!
You hear a roar!
You block the tentacled monstrosity's attack.
The tentacled monstrosity tentacle-slaps you but does no damage.
You block the tentacled monstrosity's attack.
Tiamat hits you from afar with a +0 heavy bardiche!!!
You die...

......#?..# ..#....#
#)##..# #######...#
.#....# #.##..# ...#
.#....# #.##..# .!.#
#.....# #.##..#
#.....# #.##..# .
#..>..# #.##..# . ###
#.....# #.##).# . #.#
##...# #.##..# . #.#
#.@.## #####))# ###.#
#.X## ##.# #..# #..##
##d# ##..# #..# ..###
##..# ##.>.###..#
#...#
####..#####...###...#
...##
##....##.##...###...##
..##
##...)##...#..###...##
#..#
#.....))..#..###...##
..##
#.....#..#..###...##


You could see Tiamat (berserk) and a tentacled monstrosity.

Vanquished Creatures
  An orb of fire (Zig:5)
  Mara (Spider:4)
  A juggernaut (Zig:10)
  Vv (Depths:3)
  A Killer Klown (Zot:3)
  Margery (Vaults:2)
  Bai Suzhen (Swamp:4)
  Frederick (Vaults:4)
  3 shard shrikes
  Saint Roka (D:15)
  A caustic shrike (Depths:1)
  Nikola (Spider:4)
  Arachne (Spider:2)
  8 golden dragons
  2 iron giants (Zig:10)
  Jorgrun (D:12)
  13 tentacled monstrosities
  A hellephant (Zig:4)
  Rupert (Lair:5)
  2 walking earthen tomes
  2 deep elf blademasters (Elf:3)
  A walking crystal tome (Depths:1)
  3 titans
  2 quicksilver dragons
  5 death cobs
  An acid blob (Zig:7)
  2 deep elf master archers (Elf:3)
  A walking divine tome (Depths:1)
  4 tengu reavers
  6 sphinxes
  4 thorn hunters
  7 storm dragons
  4 shadow dragons
  A draconian monk (Zig:9)
  2 narguns (Depths:3)
  6 draconian knights
  Donald (Swamp:1)
  2 nagarajas
  An azure jelly (Zig:7)
  A fenstrider witch (Swamp:3)
  13 ghost moths
  6 deep elf sorcerers
  14 vault wardens
  13 fire giants
  Louise (D:14)
  9 emperor scorpions
  A balrug (Zig:4)
  An iron dragon (Depths:1)
  7 draconian shifters
  5 draconian scorchers
  14 frost giants
  4 reapers
  2 orc warlords
  2 war gargoyles (Vaults:1)
  A spriggan defender (Depths:1)
  A draconian stormcaller (Depths:4)
  5 deep elf elementalists
  A draconian annihilator (Zig:9)
  18 ironbound preservers
  6 broodmothers
  19 very ugly things
  5 eleionomae
  5 deep elf demonologists
  2 quicksilver oozes (Zig:7)
  9 ironbound thunderhulks
  9 stone giants
  5 green draconians
  A vampire knight (Depths:2)
  18 dire elephants
  Azrael (D:14)
  6 red draconians
  4 black draconians
  11 deep elf annihilators
  8 yellow draconians
  7 white draconians
  3 bunyips
  13 spark wasps
  12 purple draconians
  2 eidola (Vaults:2)
  A crystal guardian (Zig:6)
  12 ettins
  2 deep elf death magi (Elf:3)
  A blizzard demon (Depths:2)
  Josephine (Orc:1)
  2 jiangshi (D:15)
  A merfolk javelineer (Depths:2)
  4 deep elf high priests
  12 fire dragons
  An ettin (shapeshifter) (Depths:1)
  4 great orbs of eyes (Vaults:3)
  7 vault guards
  23 hydras
  8 ice dragons
  3 rakshasas
  4 spriggan air magi
  A shambling mangrove (Swamp:4)
  2 peacekeepers
  5 radroaches
  5 entropy weavers
  A jorogumo (Spider:2)
  10 yaktaur captains
  3 ghost crabs
  An anaconda (Zig:8)
  A caustic shrike simulacrum (Depths:3)
  4 salamander tyrants (Zig:8)
  5 boulder beetles
  7 centaur warriors
  13 ironbound frosthearts
  6 two-headed ogres
  33 dancing weapons
  18 alligators
  6 deep troll shamans
  7 tengu warriors
  A thrashing horror (Zig:6)
  Urug (Orc:1)
  6 deep troll earth magi
  2 naga sharpshooters (Zig:8)
  2 vampire magi
  A naga warrior (Zig:8)
  3 orc high priests
  2 spriggan berserkers
  5 hell knights
  A sun demon (Lair:5)
  5 skysharks
  21 deep elf knights
  6 iron trolls
  6 goliath frogs
  7 pharaoh ants
  A salamander mystic (Depths:2)
  2 wretched stars (Zig:6)
  3 flayed ghosts
  57 deep trolls
  2 fire crabs (Zig:5)
  10 orb spiders
  3 glowing orange brains
  7 spriggan druids
  11 swamp dragons
  A spriggan simulacrum (Depths:3)
  2 phantasmal warriors
  6 deep elf archers
  6 wizards
  5 bog bodies
  9 ironbound convokers
  10 lindwurms
  3 necromancers (Vaults:2)
  35 deep elf pyromancers
  20 wolf spiders
  42 deep elf zephyrmancers
  A harpy (Vaults:2)
  55 ugly things
  3 orc sorcerers (Orc:1)
  11 orc knights
  12 moths of wrath
  9 steelbarb worms
  A manticore (shapeshifter) (Vaults:3)
  3 salamanders (Depths:2)
  3 manticores
  9 cyclopes
  3 will-o-the-wisps
  17 elephants
  An apocalypse crab (Zig:3)
  12 vault sentinels
  A black mamba (shapeshifter) (Depths:2)
  A guardian serpent (Zig:8)
  5 torpor snails
  11 demonic crawlers
  An eye of devastation (Zig:7)
  12 black mambas
  2 ice statues (IceCv)
  8 cane toads
  A naga mage (Zig:8)
  9 large abominations
  2 smoke demons
  4 gargoyles
  A titan simulacrum (Depths:3)
  47 yaktaurs
  2 orange demons
  2 efreet (D:15)
  11 komodo dragons
  11 rime drakes
  2 freezing wraiths (Depths:3)
  3 ice devils (Lair:5)
  8 tengu conjurers
  A hellwing (Depths:2)
  A merfolk (shapeshifter) (Zig:3)
  2 red devils (Lair:5)
  3 polar bears
  21 tarantellas
  4 tyrant leeches
  13 hornets
  2 trolls
  2 raiju (Abyss:3)
  12 blink frogs
  A frost giant simulacrum (Depths:3)
  31 slime creatures
  A ynoxinul (Abyss:3)
  20 culicivoras
  34 jumping spiders
  2 water elementals
  6 wraiths
  2 vampires
  4 air elementals
  10 wyverns
  2 flying skulls (Zig:1)
  16 spriggans
  5 basilisks
  52 yaks
  8 fire elementals
  A golden eye (Zig:7)
  A human (Lair:3)
  4 chaos spawn
  18 vampire mosquitoes
  83 redbacks
  2 neqoxecs
  A naga (shapeshifter) (D:14)
  2 steam dragons
  7 wargs
  10 swamp worms
  3 acid dragons
  21 water moccasins
  A floating eye (Depths:2)
  Duvessa (D:5)
  9 hell hounds
  3 black bears
  3 sky beasts
  10 swamp drakes
  49 orc warriors
  A black bear (shapeshifter) (D:13)
  2 ettin simulacra (Depths:3)
  An ice beast (D:6)
  5 boggarts
  5 ogres
  11 wolves
  4 small abominations (Depths:2)
  11 starcursed masses
  12 centaurs
  A phantom (D:5)
  5 kobold brigands
  Blork the orc (D:4)
  9 bullfrogs
  4 earth elementals
  8 scorpions
  3 wights (D:8)
  Dowan (D:5)
  12 killer bees (D:9)
  2 lindwurm simulacra (IceCv)
  5 electric eels
  4 howler monkeys
  4 jellies
  4 hounds
  5 komodo dragon simulacra (IceCv)
  28 orc priests
  A gnoll bouda (D:8)
  3 sleepcaps
  19 orc wizards
  5 iguanas
  10 mummies
  7 acid dragon simulacra (IceCv)
  3 gnolls (D:8)
  7 adders
  A shadow imp (D:5)
  2 white imps
  3 ufetubi
  7 steam dragon simulacra (IceCv)
  7 worms
  5 dart slugs
  104 orcs
  8 endoplasms
  2 giant cockroaches
  A gnoll zombie (Ossuary)
  15 goblins
  6 hobgoblins
  10 jackals (D:4)
  11 quokkas
  8 ball pythons
  5 bats
  5 frilled lizards
  2 hobgoblin zombies (Ossuary)
  40 kobolds
  2 kobold zombies (Ossuary)
  3 orc zombies (Ossuary)
  6 rats
  A starspawn tentacle (Abyss:3)
2106 creatures vanquished.

Vanquished Creatures (others)
  A fire giant (Depths:1)
  A ghost moth (Spider:2)
  A dancing weapon (Elf:1)
  3 deep elf knights (Elf:1)
  An ironbound convoker (Vaults:3)
  A bloated husk (Swamp:2)
  A hornet (Swamp:2)
  A hog (shapeshifter) (Depths:4)
  3 redbacks (Spider:4)
  3 orcs
  11 foxfires
  55 spectral weapons
  12 starspawn tentacles (Abyss:3)
94 creatures vanquished.

Grand Total: 2200 creatures vanquished

Notes
Turn   | Place    | Note
-------+----------+-------------------------------------------
     0 | D:1      | scisormetimb3rs the Gargoyle Fighter began the quest for
                  | the Orb.
     0 | D:1      | Reached XP level 1. HP: 14/14 MP: 1/1
   153 | D:1      | Reached XP level 2. HP: 19/19 MP: 2/2
   627 | D:1      | Reached XP level 3. HP: 24/24 MP: 3/3
  1001 | D:2      | Identified the +0 leather armour of Hedge Wizardry {rF+
                  | rCorr}
  1103 | D:2      | Reached skill level 4 in Fighting
  1103 | D:2      | Reached XP level 4. HP: 29/29 MP: 4/4
  1406 | D:3      | Found a bloodstained altar of Trog.
  1409 | D:3      | Found a white marble altar of Elyvilon.
  2077 | D:4      | Reached XP level 5. HP: 33/33 MP: 5/5
  2199 | D:4      | Noticed an ogre
  2212 | D:4      | Killed an ogre
  2213 | D:4      | Reached XP level 6. HP: 18/40 MP: 6/6
  2228 | D:4      | Noticed a water moccasin
  2261 | D:4      | HP: 1/40 [water moccasin (5)]
  2267 | D:4      | Killed a water moccasin
  2268 | D:4      | Reached skill level 5 in Fighting
  2532 | D:4      | Reached XP level 7. HP: 44/44 MP: 7/7
  2550 | D:4      | Found a large runed translucent door.
  2552 | D:4      | Found a large runed translucent door.
  2562 | D:4      | Found a sand-covered staircase.
  2598 | Ossuary  | Entered an ossuary
  2912 | D:4      | Found a glowing silver altar of Zin.
  3007 | D:4      | Noticed Blork the orc
  3019 | D:4      | Killed Blork the orc
  3020 | D:4      | Reached skill level 5 in Maces & Flails
  3047 | D:4      | Reached skill level 6 in Fighting
  3057 | D:4      | Reached skill level 5 in Armour
  3240 | D:4      | Found a large runed translucent door.
  3240 | D:4      | Found a large runed translucent door.
  3308 | D:4      | Reached skill level 5 in Shields
  3509 | D:4      | Reached XP level 8. HP: 50/52 MP: 8/8
  3854 | D:5      | Entered Level 5 of the Dungeon
  3929 | D:5      | Noticed Duvessa
  3930 | D:5      | Noticed Dowan
  3985 | D:5      | Killed Duvessa
  3986 | D:5      | Reached skill level 7 in Fighting
  4120 | D:5      | Found a glowing golden altar of the Shining One.
  4254 | D:5      | Found a staircase to the Ecumenical Temple.
  4296 | Temple   | Entered the Ecumenical Temple
  4313 | Temple   | Became a worshipper of Warmaster Okawaru
  4656 | D:5      | Killed Dowan
  5007 | D:6      | Reached XP level 9. HP: 50/58 MP: 9/9
  5152 | D:6      | Reached skill level 8 in Fighting
  5573 | D:6      | Reached * piety under Okawaru
  5798 | D:7      | Found a shimmering altar of Xom.
  6010 | D:7      | Reached skill level 1 in Invocations
  6313 | D:7      | Found Exzann's Armour Shop.
  6625 | D:8      | Found a blossoming altar of Fedhas.
  6661 | D:8      | Reached skill level 9 in Fighting
  6671 | D:8      | Reached ** piety under Okawaru
  6869 | D:8      | Found a staircase to the Lair.
  6889 | D:8      | Reached XP level 10. HP: 58/66 MP: 11/11
  7063 | D:8      | Reached *** piety under Okawaru
  7279 | D:8      | Reached skill level 10 in Fighting
  8484 | D:9      | Found a burning altar of Makhleb.
  8486 | D:9      | Noticed a balrug
  9038 | D:10     | Entered Level 10 of the Dungeon
  9082 | D:10     | Reached XP level 11. HP: 53/73 MP: 11/14
  9344 | D:10     | Found a radiant altar of Vehumet.
  9637 | D:10     | Found a stormy altar of Qazlal.
 10275 | Lair:1   | Entered Level 1 of the Lair of Beasts
 10352 | Lair:1   | Reached **** piety under Okawaru
 10355 | Lair:1   | Reached skill level 11 in Fighting
 10652 | Lair:1   | Noticed Kuidesed's ghost (journeyman DrCj)
 10684 | Lair:1   | Reached skill level 5 in Invocations
 10686 | Lair:1   | Reached skill level 10 in Maces & Flails
 11913 | Lair:1   | Found a transporter.
 11954 | Lair:1   | Found a transporter.
 12270 | Lair:1   | Reached ***** piety under Okawaru
 12568 | Lair:2   | Received a gift from Okawaru
 12577 | Lair:2   | Reached skill level 12 in Fighting
 12577 | Lair:2   | Reached XP level 12. HP: 62/81 MP: 16/16
 12756 | Lair:2   | Noticed a skyshark
 12769 | Lair:1   | Killed a skyshark
 13188 | Lair:2   | Found a hole to the Spider Nest.
 14578 | Lair:3   | Reached skill level 13 in Fighting
 14624 | Lair:3   | HP: 3/84 [komodo dragon (19)]
 15067 | Lair:3   | Found a staircase to the Swamp.
 15123 | Lair:3   | Found a runed translucent door.
 15145 | Lair:3   | Noticed a reaper
 15517 | Lair:3   | Noticed a skyshark
 15531 | Lair:3   | Killed a skyshark
 15596 | Lair:3   | Reached XP level 13. HP: 53/88 MP: 16/18
 15892 | Lair:4   | Reached skill level 10 in Armour
 15923 | Lair:4   | Reached skill level 10 in Shields
 16550 | Lair:5   | Entered Level 5 of the Lair of Beasts
 16760 | Lair:5   | Noticed Rupert
 16965 | Lair:5   | Killed Rupert
 16965 | Lair:5   | Received a gift from Okawaru
 16966 | Lair:5   | Reached skill level 14 in Fighting
 17468 | Lair:5   | Found a viscous altar of Jiyva.
 17469 | Lair:5   | Found a staircase to the Slime Pits.
 17668 | Lair:5   | Gained mutation: Your large and strong wings let you fly.
                  | [Gargoyle growth]
 17668 | Lair:5   | Reached XP level 14. HP: 96/96 MP: 20/20
 17868 | Lair:5   | Identified the +3 chain mail of the Locust {+Blink rPois
                  | rN++ Int-4} (Okawaru gifted it to you on level 5 of the
                  | Lair of Beasts)
 17868 | Lair:5   | Received a gift from Okawaru
 18145 | Abyss:3  | Cast into level 3 of the Abyss (a wizard)
 18249 | Abyss:3  | Noticed a starcursed mass
 18313 | Abyss:3  | Noticed a tentacled starspawn
 18344 | Abyss:3  | Found a corrupted altar of Lugonu.
 18353 | Abyss:3  | Found a corrupted altar of Lugonu.
 18366 | Abyss:3  | Noticed a tentacled monstrosity
 18366 | Abyss:3  | Noticed a kraken
 18366 | Abyss:3  | Noticed a tentacled monstrosity
 18367 | Abyss:3  | Got an abyssal rune of Zot
 18403 | Lair:5   | Escaped the Abyss
 18876 | D:11     | Found a staircase to the Orcish Mines.
 19322 | D:11     | Reached skill level 15 in Fighting
 19717 | D:11     | Identified the amulet "Poda Rok" {RegenMP +Blink MP+9
                  | Slay+6 SInv}
 19947 | Slime:1  | Entered Level 1 of the Pits of Slime
 20054 | Lair:5   | Found a burning altar of Makhleb.
 20249 | Lair:5   | Found a gateway to Hell.
 20675 | Orc:1    | Entered Level 1 of the Orcish Mines
 20894 | Orc:2    | Entered Level 2 of the Orcish Mines
 20894 | Orc:2    | Noticed Urug
 20990 | Orc:1    | Killed Urug
 21122 | Orc:2    | Found Hoozoul's Book Boutique.
 21162 | Orc:2    | Reached skill level 1 in Evocations
 21167 | Orc:2    | Found Xuyr Buu's Book Boutique.
 21425 | Orc:2    | Found Nummet's Jewellery Shop.
 21495 | Orc:2    | Found a staircase to the Elven Halls.
 21580 | Orc:2    | Noticed Josephine
 21908 | Orc:2    | Noticed an orc warlord
 22227 | Orc:1    | Killed an orc warlord
 23068 | Orc:1    | Killed Josephine
 23314 | Orc:2    | Found Joopsogu's Antique Armour Boutique.
 23767 | Orc:2    | Found Wefuv's Antique Armour Emporium.
 23771 | Orc:2    | Found Riprausch's Antique Weapon Shoppe.
 23782 | Orc:2    | Bought the +2 shield of Resistance {rF++ rC++ Will++} for
                  | 2467 gold pieces
 23782 | Orc:2    | Found the +2 shield of Resistance {rF++ rC++ Will++}
 24095 | D:12     | Reached XP level 15. HP: 77/104 MP: 21/21
 24482 | D:12     | Noticed Jorgrun
 24506 | D:12     | Killed Jorgrun
 24924 | D:13     | Reached skill level 16 in Fighting
 25017 | D:13     | Received a gift from Okawaru
 25112 | D:13     | Found a frozen archway.
 25141 | IceCv    | Entered an ice cave
 25564 | IceCv    | Received a gift from Okawaru
 25831 | D:13     | Found a gate to the Vaults.
 26793 | Spider:1 | Entered Level 1 of the Spider Nest
 26843 | Spider:1 | Reached skill level 15 in Maces & Flails
 27908 | Spider:2 | Noticed a ghost moth
 27931 | Spider:2 | Killed a ghost moth
 28406 | Spider:2 | Noticed an emperor scorpion
 28420 | Spider:2 | Killed an emperor scorpion
 28525 | Spider:2 | Reached XP level 16. HP: 112/112 MP: 22/22
 28556 | Spider:2 | Reached skill level 17 in Fighting
 28920 | Spider:2 | Noticed Arachne
 28957 | Spider:2 | Killed Arachne
 29066 | Spider:2 | Identified the -1 kite shield of Gravity {-Tele Drain rPois
                  | rF+++ rCorr} (Okawaru gifted it to you on level 2 of the
                  | Spider Nest)
 29066 | Spider:2 | Received a gift from Okawaru
 29081 | Spider:2 | Reached skill level 5 in Evocations
 31987 | Spider:3 | Reached skill level 18 in Fighting
 32262 | Spider:3 | Identified the +7 plate armour of Okawaru's Displeasure
                  | {rPois rC+ Will+ Int-2} (Okawaru gifted it to you on level
                  | 3 of the Spider Nest)
 32262 | Spider:3 | Received a gift from Okawaru
 32414 | Spider:3 | Reached XP level 17. HP: 98/119 MP: 23/23
 32868 | Spider:4 | Entered Level 4 of the Spider Nest
 32934 | Spider:4 | Noticed Nikola
 33383 | Spider:4 | Killed Nikola
 34679 | Spider:4 | Noticed Mara
 34702 | Spider:4 | Killed Mara
 36082 | Spider:4 | Received a gift from Okawaru
 37009 | Spider:4 | Identified the +1 pair of boots of Kikubaaqudgha's Hope
                  | {rPois Int+3}
 37232 | Spider:4 | Received a gift from Okawaru
 37334 | Spider:4 | Got a gossamer rune of Zot
 38031 | Lair:3   | Identified the +0 pair of gloves "Xiodim" {*Slow rF+
                  | Regen+} (Okawaru gifted it to you on level 3 of the Lair of
                  | Beasts)
 38031 | Lair:3   | Received a gift from Okawaru
 38240 | Swamp:1  | Entered Level 1 of the Swamp
 38254 | Lair:3   | Reached skill level 19 in Fighting
 38628 | Swamp:1  | Noticed Donald
 38648 | Swamp:1  | Killed Donald
 39063 | Swamp:1  | Reached XP level 18. HP: 128/128 MP: 24/24
 40326 | Swamp:2  | Found a burning altar of Makhleb.
 40757 | Swamp:3  | Identified a scroll of acquirement
 40758 | Swamp:3  | Acquired the +0 pair of boots of Birdsong {rPois rN+ Will+}
 40968 | Swamp:2  | Acquired 1354 gold pieces
 42115 | Swamp:4  | Entered Level 4 of the Swamp
 42254 | Swamp:4  | Received a gift from Okawaru
 42254 | Swamp:4  | Found the +2 pair of slick slippers {slick, slippery, EV+4}
 42776 | Swamp:4  | Noticed Bai Suzhen
 42805 | Swamp:4  | Killed Bai Suzhen
 43171 | Swamp:4  | Reached skill level 20 in Fighting
 43324 | Swamp:4  | Reached skill level 10 in Invocations
 43848 | Swamp:4  | Reached XP level 19. HP: 121/135 MP: 26/26
 44067 | Swamp:4  | Got a decaying rune of Zot
 44470 | D:13     | Reached skill level 15 in Armour
 45115 | D:14     | Identified Roxanne's Catalogue of Transfiguration
 45115 | D:14     | Noticed Roxanne
 45122 | D:14     | Found a glowing golden altar of the Shining One.
 45127 | D:14     | Reached skill level 15 in Shields
 45129 | D:14     | Found a glowing silver altar of Zin.
 45130 | D:14     | Found a white marble altar of Elyvilon.
 45160 | D:14     | Found a broken altar of Ashenzari.
 45198 | D:14     | Noticed Louise
 45220 | D:14     | Killed Louise
 45304 | D:14     | Noticed Azrael
 45318 | D:14     | Killed Azrael
 45377 | D:14     | Received a gift from Okawaru
 45869 | D:15     | Entered Level 15 of the Dungeon
 45891 | D:15     | Found a runed translucent door.
 46207 | D:15     | Reached skill level 1 in Throwing
 46208 | D:15     | Found a staircase to the Depths.
 46405 | D:15     | Found a hide-covered altar of Uskayaw.
 46765 | Vaults:1 | Entered Level 1 of the Vaults
 47161 | Vaults:1 | Received a gift from Okawaru
 47388 | Vaults:1 | Received a gift from Okawaru
 47751 | Vaults:1 | Identified the scarf of Gluttony {repulsion, Slay+2}
 48020 | Vaults:1 | Received a gift from Okawaru
 48326 | Vaults:1 | Identified the +4 broad axe of Foolhardiness {spect, Dex+4}
 48521 | Vaults:1 | Reached skill level 21 in Fighting
 48586 | Vaults:2 | Reached XP level 20. HP: 99/144 MP: 28/28
 49871 | Vaults:2 | Noticed Margery
 49919 | Vaults:2 | Killed Margery
 50437 | Vaults:2 | Found a staircase to the Crypt.
 50437 | Vaults:2 | Found an ancient bone altar of Kikubaaqudgha.
 50438 | Vaults:2 | Found a basalt altar of Yredelemnul.
 50449 | Vaults:2 | Found Wemuli Jate's General Store.
 50457 | Vaults:2 | Bought a scroll of teleportation for 63 gold pieces
 50457 | Vaults:2 | Bought a potion of heal wounds for 105 gold pieces
 50826 | Vaults:2 | Reached ****** piety under Okawaru
 51187 | Vaults:3 | Received a gift from Okawaru
 51399 | Vaults:3 | Found Vyoc's Distillery.
 51405 | Vaults:3 | Bought a potion of curing for 45 gold pieces
 51405 | Vaults:3 | Bought a potion of heal wounds for 75 gold pieces
 51405 | Vaults:3 | Bought a potion of heal wounds for 75 gold pieces
 51405 | Vaults:3 | Bought a potion of invisibility for 120 gold pieces
 51405 | Vaults:3 | Bought a potion of magic for 120 gold pieces
 51960 | Vaults:2 | Reached XP level 21. HP: 127/150 MP: 29/29
 51975 | Vaults:3 | Reached skill level 5 in Throwing
 52085 | Vaults:3 | Identified the +3 quarterstaff of Wheel {distort, Int+4}
                  | (Okawaru gifted it to you on level 3 of the Vaults)
 52085 | Vaults:3 | Received a gift from Okawaru
 52097 | Vaults:3 | Found a transporter.
 52108 | Vaults:3 | Found a transporter.
 52134 | Vaults:3 | Reached skill level 22 in Fighting
 52747 | Vaults:4 | Identified the amulet of Losanys {RegenMP rElec rC+}
 53162 | Vaults:4 | Noticed Frederick
 53202 | Vaults:4 | Received a gift from Okawaru
 53397 | Vaults:4 | Identified the +3 scale mail of Usiom {rCorr} (Okawaru
                  | gifted it to you on level 4 of the Vaults)
 53397 | Vaults:4 | Received a gift from Okawaru
 53885 | Vaults:4 | Killed Frederick
 54158 | Depths:1 | Entered Level 1 of the Depths
 54158 | Depths:1 | Found Elanon's Assorted Antiques.
 55590 | Depths:1 | Noticed a golden dragon
 55604 | Depths:1 | Killed a golden dragon
 55605 | Depths:1 | Reached XP level 22. HP: 135/158 MP: 31/31
 55609 | Depths:1 | Received a gift from Okawaru
 55720 | Depths:1 | Noticed a golden dragon
 55740 | Depths:1 | Killed a golden dragon
 55753 | Depths:1 | Identified the ring "Memewy" {Dex+6 Slay+3}
 56188 | Depths:1 | Noticed Saint Roka
 56250 | Depths:1 | Noticed a golden dragon
 56255 | D:15     | Killed Saint Roka
 56314 | Depths:1 | Found a one-way gate leading to the halls of Pandemonium.
 56400 | Depths:1 | Noticed a caustic shrike
 56406 | Depths:1 | Killed a caustic shrike
 56657 | Depths:1 | Killed a golden dragon
 56925 | Depths:1 | Reached skill level 23 in Fighting
 57408 | Depths:2 | Identified the staff of conjuration "Zanust" {rPois rCorr
                  | Int-2}
 57469 | Depths:2 | Found an iron altar of Okawaru.
 57686 | Depths:2 | Identified the +7 morningstar of the Assorted Bones {pain,
                  | Dex+2} (Okawaru gifted it to you on level 2 of the Depths)
 57686 | Depths:2 | Received a gift from Okawaru
 57749 | Depths:2 | Noticed a golden dragon
 57760 | Depths:2 | Killed a golden dragon
 57820 | Depths:2 | Identified the +3 rapier "Zil Tedd" {speed, rCorr}
 57820 | Depths:2 | Identified the amulet "Bulleidgh" {RegenMP rPois rC- Dex+5
                  | Slay+3}
 58209 | Depths:2 | Identified the ring of Zust {rElec rPois rF- rN+ MP+9}
 58329 | Depths:2 | Identified the +2 short sword "Vecugg" {freeze, rF+}
 58695 | Depths:2 | Received a gift from Okawaru
 58770 | Depths:2 | Found a one-way gate to the infinite horrors of the Abyss.
 59263 | Depths:3 | Noticed a shard shrike
 59264 | Depths:3 | Noticed a shard shrike
 59265 | Depths:3 | Noticed a shard shrike
 59320 | Depths:3 | Received a gift from Okawaru
 59357 | Depths:2 | Killed a shard shrike
 59505 | Depths:3 | Killed a shard shrike
 59506 | Depths:3 | Reached XP level 23. HP: 154/165 MP: 33/33
 59556 | Depths:2 | Killed a shard shrike
 59624 | Depths:3 | Noticed Vv
 59636 | Depths:3 | Killed Vv
 59636 | Depths:3 | Identified the +0 hat of Day {Str-5 Int+4} (Okawaru gifted
                  | it to you on level 3 of the Depths)
 59636 | Depths:3 | Received a gift from Okawaru
 59788 | Depths:3 | Found Nurim's Distillery.
 59796 | Depths:3 | Bought 2 potions of heal wounds for 130 gold pieces
 59796 | Depths:3 | Bought a potion of resistance for 130 gold pieces
 61019 | Depths:4 | Entered Level 4 of the Depths
 61065 | Depths:4 | Noticed a juggernaut
 61669 | Depths:4 | Identified the amulet "Coyf" {Spirit rPois Int+2 Slay-5}
 61669 | Depths:4 | Identified the ring "Amybyp" {rC+ rN+ Slay+2}
 61670 | Depths:4 | Noticed Ubraesch's ghost (adept TrMo)
 61923 | Depths:4 | Found a one-way gateway to a ziggurat.
 62740 | Depths:4 | Reached skill level 24 in Fighting
 62889 | Depths:4 | Found a gate to the Realm of Zot.
 62943 | Depths:4 | Found Faxu's Weapon Emporium.
 63031 | Depths:4 | Found a bloodstained altar of Trog.
 63047 | Depths:4 | Found a transporter.
 63050 | Depths:4 | Found a transporter.
 63200 | Depths:4 | Received a gift from Okawaru
 63769 | Elf:1    | Entered Level 1 of the Elven Halls
 63769 | Elf:1    | Found a runed translucent gate.
 63769 | Elf:1    | Found a runed translucent gate.
 63769 | Elf:1    | Found a runed translucent gate.
 63769 | Elf:1    | Found a runed translucent gate.
 63769 | Elf:1    | Found a runed translucent gate.
 63769 | Elf:1    | Found a runed translucent gate.
 63770 | Elf:1    | Found a runed translucent door.
 63786 | Elf:1    | Found a runed translucent door.
 63830 | Elf:1    | Found Xuazodgh's General Store.
 63833 | Elf:1    | Bought a scroll of teleportation for 54 gold pieces
 64854 | Elf:1    | Reached XP level 24. HP: 168/174 MP: 33/33
 65183 | Elf:2    | Identified the +11 flail of Ymuko {antimagic, rC+ rN+}
                  | (Okawaru gifted it to you on level 2 of the Elven Halls)
 65183 | Elf:2    | Received a gift from Okawaru
 65217 | Elf:2    | Paralysed by an air elemental for 1 turns
 65318 | Elf:2    | Found Xytenk's Jewellery Boutique.
 65487 | Elf:2    | Paralysed by an air elemental for 1 turns
 65770 | Elf:2    | Found a runed translucent gate.
 65771 | Elf:2    | Found a runed translucent gate.
 65771 | Elf:2    | Found a runed translucent gate.
 66154 | Elf:3    | Entered Level 3 of the Elven Halls
 66465 | Elf:3    | Received a gift from Okawaru
 66928 | Elf:2    | Received a gift from Okawaru
 67518 | Elf:3    | Identified the ring "Zogamac" {EV+5 Str+2 Dex+3}
 67529 | Elf:3    | Received a gift from Okawaru
 68003 | Elf:3    | Gained mutation: Potions are less effective at restoring
                  | your health. [a neqoxec]
 68223 | Elf:2    | Reached skill level 15 in Invocations
 68285 | Elf:3    | Identified the +2 halberd of Corexit {flame, rPois rN+}
 68407 | Elf:3    | Reached skill level 25 in Fighting
 68460 | Elf:3    | Identified the ring of Ivaismun {Will+ SInv}
 68560 | Elf:3    | Identified the staff of death "Tedic" {Fly rN+}
 68565 | Elf:3    | Got the Annotations on the Smouldering Coward
 68583 | Elf:3    | Identified the staff of poison "Sererch" {rPois Will+
                  | Str+3}
 68585 | Elf:3    | Got Urrollub's Folio of Unified Sparks
 68589 | Elf:3    | Identified the staff of cold "Qimi" {rC+ MP-9 Str+5 Dex+6}
 68599 | Elf:3    | Identified the +3 shortbow of the Shore {speed, Dex+2}
 68673 | Elf:3    | Got Didoit's Elucidation of the Transformed Faeries
 69724 | Zig:1    | Entered Level 1 of a ziggurat
 69744 | Zig:2    | Entered Level 2 of a ziggurat
 69759 | Zig:2    | Identified the staff of conjuration "Daponit" {Fly rF- MP+9
                  | Dex+4}
 69765 | Zig:2    | Acquired the +0 pair of gloves of Gimourih {rF+ rCorr
                  | Stlth+}
 69786 | Zig:3    | Entered Level 3 of a ziggurat
 69858 | Zig:4    | Entered Level 4 of a ziggurat
 69961 | Zig:5    | Entered Level 5 of a ziggurat
 69967 | Zig:5    | Noticed an orb of fire
 69976 | Zig:5    | Killed an orb of fire
 70025 | Zig:6    | Entered Level 6 of a ziggurat
 70029 | Zig:6    | Found the +10 zealot's sword {holy, Zealotry, *Rage rN+
                  | EV+3}
 70047 | Zig:6    | Paralysed by accursed screaming for 1 turns
 70314 | Zig:7    | Entered Level 7 of a ziggurat
 70336 | Zig:7    | Reached XP level 25. HP: 180/181 MP: 34/34
 70351 | Zig:7    | Identified the ring of Dishonesty {rC+ Int+6 Dex+5}
 70380 | Zig:8    | Entered Level 8 of a ziggurat
 70420 | Zig:8    | Received a gift from Okawaru
 70461 | Zig:8    | Identified the +8 spear of Ignis's Reproof {flame, Str-2
                  | Dex+5}
 70472 | Zig:8    | Identified the +9 great mace of Yblateck {venom, rC+ rN+
                  | Int+5}
 70551 | Zig:9    | Entered Level 9 of a ziggurat
 70579 | Zig:9    | Reached skill level 10 in Throwing
 70607 | Zig:9    | Found the ring of Shadows {Umbra +Inv Stlth+}
 70936 | Zig:9    | Identified the +0 long sword of a sewer {venom, *Rage rCorr
                  | Str+8 Dex-2}
 70938 | Zig:10   | Entered Level 10 of a ziggurat
 70948 | Zig:10   | Noticed a juggernaut
 70969 | Zig:10   | Killed a juggernaut
 71008 | Zig:10   | Found the +8 Vampire's Tooth {megavamp}
 71034 | Zig:10   | Reached XP level 26. HP: 175/188 MP: 34/34
 71062 | Zig:10   | Identified the +3 great mace of Mutilation {protect, Str+2}
 71066 | Zig:11   | Entered Level 11 of a ziggurat
 71072 | Zig:11   | Noticed Pikolae the pandemonium lord
 71072 | Zig:11   | Noticed a Killer Klown
 71074 | Zig:11   | Noticed a Killer Klown
 71076 | Zig:11   | Noticed a Killer Klown
 71076 | Zig:11   | Noticed Umpe the pandemonium lord
 71078 | Zig:11   | Identified the amulet of Balance {Faith Regen+ Str-5 Dex+3}
 71222 | Depths:4 | Acquired the +3 hat of Zeips {Rampage Str+3}
 71225 | Depths:4 | Acquired the amulet of the Establishment {Spirit rN++}
 71241 | Zot:1    | Entered Level 1 of the Realm of Zot
 73083 | Zot:2    | Received a gift from Okawaru
 73642 | Zot:3    | Identified the +0 pair of boots of the Catamount {+Inv rN+
                  | Str-3} (Okawaru gifted it to you on level 3 of the Realm of
                  | Zot)
 73642 | Zot:3    | Received a gift from Okawaru
 74086 | Zot:3    | Identified the ring "Kicujiewk" {rF+ Str+7}
 74534 | Zot:3    | Reached skill level 26 in Fighting
 74567 | Zot:3    | Noticed a Killer Klown
 74573 | Zot:3    | Killed a Killer Klown
 74637 | Zot:3    | Found the +4 dragonskin cloak
 74637 | Zot:3    | Noticed Tiamat
 74676 | Zot:3    | Annihilated by Tiamat

Illustrated notes

Levels and vault maps discovered:
D:1:      evilmike_arrival_plus, layout_basic, serial_bayou_lake_a
D:2:      layout_rooms, kennysheep_another_room, minmay_hedge_maze,
          palyth_stone_intersect
D:3:      layout_loops_ring, nicolae_overflow_squiral
D:4:      minmay_opposing_rooms, layout_loops_ring,
          mainiacjoe_overflow_surrounded_room, nicolae_ossuary_entry_ruins,
          minmay_hollow_rounded_squares, uniq_blork_the_orc
D:5:      layout_basic, tso_oasis_becter, temple_doors_e,
          minmay_gold_behind_fungi, item_on_display_a, uniq_duvessa
D:6:      layout_basic
D:7:      layout_cave_pools, mainiacjoe_overflow_tiny_flanked, serial_shops,
          nicolae_shop_trees
D:8:      layout_basic, fedhas_bush_and_centaur_altar, minmay_lair_entry_grove
D:9:      kennysheep_kobold_camp, layout_basic, makhleb_altar_promises_db
D:10:     layout_small_grid, nicolae_qazlal_scattered_showers,
          kennysheep_little_box
D:11:     layout_roguey, david_orc_5, minmay_checkerbox
D:12:     layout_rooms, uniq_jorgrun
D:13:     layout_stronghold, lightli_vaults_fourway_checkpoint,
          portal_ice_cave_entry_pillars_2
D:14:     layout_roguey, good_gods_temple_1, cheibrodos_ashenzari_chains,
          uniq_louise, uniq_roxanne, uniq_azrael
D:15:     grunt_enter_depths_hoard, layout_basic, nrook_uturn,
          chequers_serial_rivers_micro_a, minivault_19, nicolae_danse_macabre
Temple:   nicolae_temple_ecumenical_triangle
Lair:1:   layout_layer_cave, gammafunk_ghost_hive, infiniplex_staircase_pool_2
Lair:2:   layout_regular_city, nicolae_spider_entry_non_spiders, st_stairs_5,
          chequers_serial_rivers_micro_a
Lair:3:   layout_cave_pods, swamp_mist, pdpol_lair_cabin_in_the_woods,
          lemuel_fruit_fields
Lair:4:   beast_lair_carwin_large_1, layout_cave_shapes, serial_bayou_shore_a
Lair:5:   evil_forest, layout_long_grid, dpeg_slime_entry_enclosed,
          lemuel_fruit_fields, uniq_rupert
Swamp:1:  layout_falls_marsh, nicolae_swamp_small_spring, swamp_pool2,
          hangedman_swamp_lotus, uniq_donald
Swamp:2:  layout_falls_marsh, nicolae_swamp_godswood, swamp_pool3
Swamp:3:  layout_basic_swamp, evilmike_swamp_ruin_house_1
Swamp:4:  swamp_basic_johnstein, layout_basic_swamp, swamp_pool5,
          nicolae_swamp_catching_bugs, uniq_bai_suzhen
Spider:1: layout_spider_delve
Spider:2: nicolae_spider_hilbert_zone_1 [nicolae_spider_hilbert_4_sides_1_open,
          nicolae_spider_hilbert_4_sides_1_open,
          nicolae_spider_hilbert_4_sides_1_open,
          nicolae_spider_hilbert_4_sides_1_open,
          nicolae_spider_hilbert_3_sides_1_open,
          nicolae_spider_hilbert_3_sides_1_open,
          nicolae_spider_hilbert_3_sides_1_open,
          nicolae_spider_hilbert_3_sides_1_open,
          nicolae_spider_hilbert_3_sides_1_open,
          nicolae_spider_hilbert_6_sides_1_open,
          nicolae_spider_hilbert_6_sides_1_open,
          nicolae_spider_hilbert_3_sides_1_open,
          nicolae_spider_hilbert_3_sides_1_open,
          nicolae_spider_hilbert_3_sides_1_open,
          nicolae_spider_hilbert_3_sides_1_open,
          nicolae_spider_hilbert_2_sides_1_open], nicolae_spider_bzzzt,
          uniq_arachne
Spider:3: layout_spider_delve, hangedman_spider_tarantella_strand
Spider:4: guppyfry_spider_rune, uniq_mara, uniq_nikola
Slime:1:  layout_caves
Orc:1:    layout_caves
Orc:2:    grunt_orc_community_town_hall, layout_caves,
          grunt_orc_community_big_house_2, grunt_orc_community_big_house_2,
          grunt_orc_community_house_2, grunt_orc_community_house_1,
          grunt_orc_community_house_2, grunt_orc_community_house_1,
          serial_shops, shop, nicolae_shop_window_shopping, minmay_orc_barracks,
          uniq_urug, uniq_josephine
Elf:1:    nicolae_elf_arrival_dilemma, layout_gridlike, serial_shops,
          nicolae_shop_real_fake_doors, special_room [special_room_orc],
          minmay_elf_demonology
Elf:2:    nicolae_elf_blades_crystal_corner, layout_loops_cross, serial_shops,
          nicolae_square_shop, dreamdust_mushroom_princess
Elf:3:    elf_hall, layout_onion_city
Vaults:1: nicolae_vaults_surprise_closet, hangedman_vaults_slice, v_misc_19,
          hangedman_vaults_stagger, nicolae_vaults_closet_pinwheel_6, v_misc_12,
          nicolae_vaults_double_plus_3, nicolae_vaults_storage_closets_2,
          ontoclasm_vaults_ring_square, grunt_vaults_hallway_long,
          vaults_mumra_lcd, vaults_room_hallway,
          nicolae_vaults_hexular_roomagon, layout_vaults_maze_bifur
Vaults:2: v_misc_4, nicolae_vaults_stand_back, nicolae_vaults_what_the_h,
          minmay_crypt_entry_necro_gods, nicolae_vaults_rhombus_6,
          vaults_mumra_minichess, v_misc_3, vaults_mumra_hex,
          ontoclasm_vaults_ring_square, ontoclasm_vaults_ring_square,
          vaults_dpeg_hooks, layout_vaults_omnigrid, serial_shops, shop,
          uniq_margery
Vaults:3: vaults_room_ringed_pool, gammafunk_sealed_arena,
          nicolae_vaults_big_angled_halls, nicolae_vaults_border_crossing,
          dpeg_vaults_monster_row, nicolae_vaults_storage_room_doors,
          v_alt_pattern_1, nicolae_vaults_apartment_1,
          nicolae_vaults_storage_room_statues, v_alt_pattern_5,
          nicolae_vaults_double_plus_1, layout_vaults_big_cross, serial_shops,
          shop
Vaults:4: nicolae_vaults_security_offices_3, nicolae_vaults_ring_of_whatevers,
          hangedman_vaults_river_flow, nicolae_vaults_theta,
          hangedman_vaults_maws, v_misc_27, vaults_dpeg_diagonal,
          nicolae_vaults_trapezoid_1, nicolae_vaults_tetromino_L_1,
          layout_vaults_big_room, uniq_frederick
Depths:1: minmay_four_inscribed_fans, layout_basic, serial_shops,
          nicolae_take_the_stairs, hell_entry, pan_entry,
          kennysheep_generic_room_14, uniq_saint_roka
Depths:2: minmay_the_grid_octo_tiled_octocenter
          [minmay_the_grid_octo_fan_narrow,
          minmay_the_grid_octo_tetromino_candy, minmay_the_grid_octo_odd_swirl,
          minmay_the_grid_octo_teeth,
          minmay_the_grid_octo_prize_square_snowflake,
          minmay_the_grid_square_5x5_sharp_hourglass,
          minmay_the_grid_square_5x5_tri_point,
          minmay_the_grid_square_5x5_detours,
          minmay_the_grid_square_5x5_six_small], layout_gridlike,
          minmay_room_of_horrors, okawaru_trees_1, rand_demon_pan_entry_9,
          pf_coc_iceberg, kennysheep_small_circle, uniq_josephina
Depths:3: dreamdust_isle_of_ice, layout_basic, hell_entry, serial_shops, shop,
          minmay_misc_feat_encased, nicolae_abyss_entry_one_way_or_another,
          minmay_staircase_statues, grunt_megastairs_4, uniq_vv
Depths:4: grunt_crosshair, layout_gridlike, enter_ziggurat_b,
          gammafunk_ghost_wrathful_warriors, serial_shops, shop_statue,
          hell_entry, corexii_leaking_fountain, minmay_liquid_box
Zot:1:    layout_basic, grunt_ministairs_4, grunt_megastairs_1
Zot:2:    layout_misc_corridors
Zot:3:    kennysheep_blocky_room, layout_onion_interference, uniq_tiamat

Skill      XL: |  1  2  3  4  5  6  7  8  9 10 11 12 13 14 15 16 17 18 19 20 21 22 23 24 25 26 |
---------------+-------------------------------------------------------------------------------+-----
Fighting       | 4 5 6 7 9 10 12 13 14 15 16 18 19 20 21 22 23 24 25 26 | 26.0
Maces & Flails | 3 4 5 6 8 9 10 12 13 14 15 16 17 18 19 20 21 22 23 24 | 24.4
Armour         | 4 5 6 7 8 9 10 11 12 13 14 15 16 17 18 19 | 19.2
Shields        | 4 5 6 7 8 9 10 11 12 13 14 15 16 17 18 19 | 19.1
Invocations    | 2 4 6 7 8 9 10 11 12 13 14 15 16 | 16.0
Evocations     | 2 4 6 7 |  7.7
Throwing       | 3 4 6 7 8 9 10 | 10.8

Action                     |  1- 3 |  4- 6 |  7- 9 | 10-12 | 13-15 | 16-18 | 19-21 | 22-24 | 25-27 || total
---------------------------+-------+-------+-------+-------+-------+-------+-------+-------+-------++-------
  Melee: Flail             |   162 |   212 |    65 |       |       |       |       |       |       ||   439
         Eveningstar       |       |       |   264 |   811 |  1378 |  1509 |  1186 |  1199 |   359 ||  6706
         Unarmed           |       |       |     8 |       |       |       |       |       |       ||     8
  Throw: Boomerang         |       |       |       |       |       |       |       |    51 |     7 ||    58
 Invoke: Heroism           |       |       |       |    13 |    28 |    21 |    20 |    30 |     7 ||   119
         Finesse           |       |       |       |     1 |     4 |     4 |     1 |     1 |     3 ||    14
Ability: Evoke Blink       |       |       |       |       |       |     1 |       |       |     3 ||     4
  Evoke: Lightning rod     |       |       |     4 |       |     7 |     2 |       |       |       ||    13
         Wand              |       |       |       |       |    15 |     2 |     2 |     6 |    12 ||    37
    Use: Potion            |       |     3 |     1 |     2 |     3 |     2 |       |     2 |     2 ||    15
         Scroll            |       |       |    12 |    10 |    22 |     9 |     5 |     7 |    10 ||    75
   Stab: Paralysed         |       |       |       |       |     1 |       |       |       |       ||     1
         Distracted        |       |       |       |       |       |       |    19 |    16 |     5 ||    40
 Armour: Scale mail        |    57 |    70 |    77 |       |       |       |       |       |       ||   204
         Chain mail        |       |       |    97 |   344 |   205 |       |       |       |       ||   646
         Skin              |       |       |     2 |       |       |       |       |       |       ||     2
         Plate armour      |       |       |       |       |   336 |       |       |       |       ||   336
         Crystal plate arm |       |       |       |       |   255 |  1104 |   484 |   496 |   203 ||  2542
  Dodge: Dodged            |   111 |   171 |   260 |   470 |   710 |   578 |   421 |   434 |   116 ||  3271
         Repelled          |       |       |       |       |       |       |     2 |    33 |    17 ||    52
  Block: Buckler           |    30 |    56 |    81 |   286 |   328 |       |       |       |       ||   781
         Kite shield       |       |       |       |       |   344 |  1259 |   722 |   741 |   215 ||  3281
